 Dungeon Crawl Stone Soup version 0.29.1-2-gbd0b4ee654 (webtiles) character file.

Game seed: 6988497460002092800

243 xian the Chopper (level 5, 0/42 HPs)
             Began as a Demonspawn Berserker on Nov 3, 2022.
             Was a Believer of Trog.
             Slain by a gnoll
             ... wielding a +0 spear
             ... led by a gnoll bouda
              (1 damage)
             ... on level 4 of the Dungeon.
             The game lasted 00:06:04 (4060 turns).

xian the Chopper (Demonspawn Berserker)             Turns: 4060, Time: 00:06:05

Health: 0/42       AC:  6    Str: 19    XL:     5   Next: 82%
Magic:  5/5        EV: 12    Int:  8    God:    Trog [**....]
Gold:   201        SH:  0    Dex: 13    Spells: 4/4 levels left

rFire   . . .      SeeInvis .   a - +0 hand axe
rCold   + . .      Faith    .   (no shield)
rNeg    + . .      Spirit   .   s - +2 robe {rN+}
rPois   .          Reflect  .   (no helmet)
rElec   .          Harm     .   (no cloak)
rCorr   .          Rampage  .   (no gloves)
Will    .....                   j - +1 pair of boots
Stlth   ++........              (no amulet)
HPRegen 0.14/turn               k - ring of protection from cold
MPRegen 0.09/turn               (no ring)

@: on berserk cooldown, flying, slowed, very slow
A: sturdy frame 2
a: Renounce Religion, Berserk, Trog's Hand


You were on level 4 of the Dungeon.
You worshipped Trog.
Trog was pleased with you.
You visited 1 branch of the dungeon, and saw 4 of its levels.

You collected 201 gold pieces.

Inventory:

Hand Weapons
 a - a +0 hand axe (weapon)
Missiles
 n - 5 javelins (quivered)
 t - 4 boomerangs
 u - 2 poisoned darts
Armour
 j - a +1 pair of boots (worn)
 s - a +2 robe of positive energy (worn)
Jewellery
 k - a ring of protection from cold (left hand)
Scrolls
 c - 2 scrolls of magic mapping
 d - a scroll of fear {unknown}
 g - 2 scrolls of teleportation
 l - a scroll of silence
 r - a scroll of enchant weapon
 v - a scroll of blinking {unknown}
Potions
 b - 3 potions of curing {unknown}
 e - 2 potions of flight
 f - a potion of heal wounds {unknown}
 h - a potion of mutation {unknown}
 i - a potion of might {unknown}
 m - a potion of brilliance {unknown}
 o - a potion of cancellation {unknown}
 p - 2 potions of attraction {unknown}
 q - 3 potions of haste


   Skills:
 + Level 4.1 Fighting
 + Level 4.6 Axes
 + Level 2.1 Armour
 + Level 2.7 Dodging
 + Level 1.1 Stealth


You had 4 spell levels left.
You didn't know any spells.
Your spell library contained the following spells:

 Spells                   Type           Power      Damage    Failure   Level
 Magic Dart               Conj           0%         1d3       41%         1
 Summon Small Mammal      Summ           0%         N/A       41%         1
 Searing Ray              Conj           0%         2d4       54%         2
 Call Canine Familiar     Summ           0%         N/A       78%         3
 Summon Guardian Golem    Hex/Summ       0%         N/A       78%         3
 Fulminant Prism          Conj/Hex       0%         3d6       99%         4


Dungeon Overview and Level Annotations

Branches:
Dungeon (4/15)
 Temple: D:4-7

Altars:
Kikubaaqudgha

Shops:
D:4 :


Innate Abilities, Weirdness & Mutations

Your movements are less encumbered by armour. (ER -4)


Message History

The gnoll is heavily wounded.
The gnoll closely misses you.
You slash the gnoll!
You feel the power of Trog in you as your rage grows.
You kill the gnoll!
Trog accepts your kill. The gnoll hits you but does no damage.
The gnoll hits you with a +0 spear.
* * * LOW HITPOINT WARNING * * *
Items here: ))) [ †.
You slash the gnoll!
The gnoll is severely wounded.
You hit the gnoll.
The gnoll hits you but does no damage. x2
You hit the gnoll.
The gnoll is almost dead.
You barely miss the gnoll. The gnoll closely misses you.
You barely miss the gnoll.
The gnoll is almost dead.
You closely miss the gnoll.
Your attacks no longer feel as feeble.
The gnoll hits you with a +0 spear.
* * * LOW HITPOINT WARNING * * *
Unknown command.
You closely miss the gnoll.
The gnoll is almost dead.
You closely miss the gnoll. The gnoll closely misses you.
The gnoll hits you with a +0 spear.
* * * LOW HITPOINT WARNING * * *
Unknown command.
You are too berserk!
You hit the gnoll.
You kill the gnoll!
Trog accepts your kill.
You hit the gnoll.
You are no longer berserk.
You are exhausted.
You feel yourself slow down.
It was a potion of flight.
You feel very buoyant.
You fly up into the air.
The gnoll hits you with a +0 spear.
You die...

##
#.#####.#
#.
....##..
#.
........
#.##
#.......
#...
#.#.##.#
#..# # #>
#).
#..###.#
. ###
#.)g∩..#
. #
##@#####
# ##.# #
#..# #
#.## ##
#.# #.
#.# #.
#.# #.
#.# #.
##.#####
########.


You could see a gnoll (swift).

Vanquished Creatures
  The ghost of deadpool521 the Slasher, an amateur DrBe of Ashenzari (D:3)
  A gnoll bouda (D:4)
  3 gnolls (D:4)
  3 adders
  3 worms
  A dart slug (D:3)
  5 endoplasms
  3 goblins
  4 hobgoblins
  10 jackals
  2 quokkas
  4 ball pythons
  6 bats
  2 frilled lizards
  8 kobolds
  8 rats
64 creatures vanquished.

Notes
Turn   | Place    | Note
-------+----------+-------------------------------------------
     0 | D:1      | xian the Demonspawn Berserker began the quest for the Orb.
     0 | D:1      | Reached XP level 1. HP: 18/18 MP: 1/1
   487 | D:1      | Gained mutation: Your movements are slightly less
                  | encumbered by armour. (ER -2) [demonic ancestry]
   487 | D:1      | Reached XP level 2. HP: 7/24 MP: 2/2
   895 | D:1      | Found a faded altar of an unknown god.
  1290 | D:2      | Reached XP level 3. HP: 14/29 MP: 3/3
  1595 | D:2      | Reached ** piety under Trog
  2751 | D:3      | Gained mutation: Your movements are less encumbered by
                  | armour. (ER -4) [demonic ancestry]
  2751 | D:3      | Reached XP level 4. HP: 31/36 MP: 4/4
  2884 | D:3      | Found a large runed translucent door.
  2884 | D:3      | Found a large runed translucent door.
  2890 | D:3      | Noticed deadpool521's ghost (amateur DrBe)
  2904 | D:3      | Killed deadpool521's ghost
  2905 | D:3      | Reached XP level 5. HP: 42/42 MP: 5/5
  3650 | D:4      | Found an ancient bone altar of Kikubaaqudgha.
  4030 | D:4      | Found Jibuis's Book Shop.
  4051 | D:4      | Reached skill level 1 in Stealth
  4058 | D:4      | HP: 1/63 [gnoll/+0 spear[a gnoll bouda] (4)]
  4060 | D:4      | Slain by a gnoll

Illustrated notes

Levels and vault maps discovered:
D:1:      dpeg_arrival_rooms_b, layout_basic,
          hellmonk_ecumenical_altar_pennies_from_heaven,
          chequers_serial_rivers_small_3
D:2:      layout_basic
D:3:      layout_loops_ring, ebering_ghost_disaster_area
D:4:      layout_loops_cross, old_standard_altar, serial_glass, glass_columns_b,
          glass_columns_a, serial_shops, shop

Skill      XL: |  1  2  3  4  5 |
---------------+----------------+-----
Axes           | 3 4 |  4.6
Armour         | 2 |  2.1
Dodging        | 2 |  2.7
Fighting       | 4 |  4.1
Stealth        | 1 |  1.1

Action                   |  1- 3 |  4- 6 || total
-------------------------+-------+-------++-------
Melee: Hand axe          |   176 |    81 ||   257
       Punch             |     3 |     2 ||     5
Invok: Berserk           |     1 |     2 ||     3
  Use: Scroll            |     3 |     4 ||     7
       Potion            |       |     1 ||     1
Armor: Leather armour    |    44 |    12 ||    56
       Animal skin       |     1 |       ||     1
       Robe              |       |     7 ||     7
Dodge: Dodged            |   118 |    46 ||   164
